 Dungeon Crawl Stone Soup version 0.21.1-1-g345015fe64 (webtiles) character file.

882 baker the Magician (level 8, 0/76 HPs)
             Began as an Octopode Wizard on Mar 31, 2018.
             Was an Initiate of Vehumet.
             Slain by an orange demon (5 damage)
             ... summoned by a kobold demonologist
             ... on level 10 of the Dungeon.
             The game lasted 01:15:54 (9920 turns).

baker the Magician (Octopode Wizard)                Turns: 9920, Time: 01:15:55

Health: 0/76       AC: 24    Str:  5 (6)  XL:     8   Next: 5%
Magic:  13/13      EV:  2    Int: 18 (22) God:    Vehumet [......]
Gold:   246        SH:  0    Dex:  8 (11) Spells: 4/15 levels left

rFire    . . .     SeeInvis +   m - +3 quarterstaff
rCold    . . .     Gourm    .   (shield currently unavailable)
rNeg     + + +     Faith    .   (helmet currently unavailable)
rPois    +         Spirit   .   (no amulet)
rElec    .         Reflect  .   h - ring of see invisible
rCorr    .         Harm     .   (no ring)
MR       .....     NoTele   +   (no ring)
Stlth    ++........             (no ring)
HPRegen  0.22/turn              (no ring)
MPRegen  0.13/turn              (no ring)
                                (no ring)
                                (no ring)

@: tree-form
A: almost no armour, stealthy swim, (amphibious), 8 rings, (constrict 8),
repulsion field 1, rugged brown scales 1, low mp 1
a: Renounce Religion


You were on level 10 of the Dungeon.
You worshipped Vehumet.
Vehumet was noncommittal.
You were not hungry.
You were a tree.
You visited 2 branches of the dungeon, and saw 9 of its levels.

You collected 246 gold pieces.

Inventory:

Hand Weapons
 m - a +3 quarterstaff (weapon)
Missiles
 i - 221 stones (quivered)
 n - 16 tomahawks
Armour
 a - a +0 hat (melded)
Jewellery
 h - a ring of see invisible (left branch)
 p - a cursed ring of teleportation
 r - a cursed ring of teleportation
Scrolls
 d - a scroll of magic mapping
 e - 5 scrolls of teleportation
 g - 4 scrolls of identify
 j - a scroll of amnesia
 o - 3 scrolls of remove curse
 s - a scroll of fog {unknown}
 u - a scroll of enchant armour {unknown}
Potions
 f - 2 potions of agility
 t - a potion of ambrosia
Books
 b - a book of Minor Magic

   Spells                             Type                      Level
   a - Magic Dart                     Conjuration                  1
   b - Blink                          Translocation                2
   c - Call Imp                       Summoning                    2
   d - Slow                           Hexes                        2
   e - Conjure Flame                  Conjuration/Fire             3
   f - Mephitic Cloud                 Conjuration/Poison/Air       3
Comestibles
 c - 6 rations


   Skills:
 + Level 2.1 Fighting
 + Level 2.1 Staves
 - Level 3.0 Dodging
 - Level 4.0 Stealth
 * Level 4.4 Spellcasting
 + Level 2.9 Conjurations
 - Level 2.4 Summonings
 + Level 2.7 Translocations
 + Level 2.0 Fire Magic
 + Level 2.4 Air Magic
 + Level 2.9 Poison Magic


You had 4 spell levels left.
You knew the following spells:

 Your Spells              Type           Power        Failure   Level  Hunger
a - Magic Dart            Conj           ##..         4%          1    None
b - Call Imp              Summ           ##......     8%          2    ##.....
c - Mephitic Cloud        Conj/Pois/Air  ##......     14%         3    ###....
s - Conjure Flame         Conj/Fire      ##......     16%         3    ###....
x - Blink                 Tloc           N/A          7%          2    ##.....


Dungeon Overview and Level Annotations

Branches:
Dungeon (10/15)            Temple (1/1) D:5
   Lair: D:8-11         Orc: D:9-12

Altars:
Ashenzari
Cheibriados
Dithmenos
Elyvilon
Fedhas
Gozag
Hepliaklqana
Kikubaaqudgha
Makhleb
Nemelex Xobeh
Okawaru
Qazlal
Ru
Sif Muna
Trog
Uskayaw
Vehumet
Wu Jian
Xom
Yredelemnul
Zin
The Shining One

Annotations:
D:10 SirVarrick's ghost, novice DDFi


Innate Abilities, Weirdness & Mutations

You cannot wear most types of armour.
You are very stealthy in the water. (Stealth+)
((You are amphibious.))
You can wear up to eight rings at the same time.
((You can use your tentacles to constrict eight enemies at once.))
((Your skin changes colour to match your surroundings (Stealth+).))
((Your rubbery body absorbs attacks. (AC +1, EV +1)))
You are surrounded by a mild repulsion field. (EV +2)
(You are partially covered in rugged brown scales. (AC +1, +3% HP))
Your magical capacity is low. (-10% MP)


Message History

The iron imp hits you but does no damage.
You swing at nothing.
You feel less invigorated.
You feel less confused.
The kobold demonologist hits you but does no damage.
The orange demon barely misses you.
The iron imp hits you but does no damage.
The kobold demonologist hits you but does no damage.
You completely miss the kobold demonologist.
The kobold demonologist is almost dead.
The orange demon stings you but does no damage.
The iron imp hits you but does no damage.
The kobold demonologist hits you but does no damage.
The orange demon stings you but does no damage.
SirVarrick's ghost (novice Deep Dwarf Fighter) comes into view.
You closely miss the kobold demonologist.
The kobold demonologist is almost dead.
The kobold demonologist hits you but does no damage.
The iron imp hits you but does no damage.
The orange demon stings you from afar.
You die...

#. ##. . ##..
.. ##... ..W
##...## ....
#.....#.....
#...........
#..5♣.......
#..K.......#
......4........
...............
...............
...............
#.......###....
.......## ....


You could see an orange demon, a kobold demonologist, an iron imp and
SirVarrick's ghost (wandering).

Vanquished Creatures
  Duvessa (D:5)
  2 ogres (D:5)
  A gnoll sergeant (D:5)
  A bullfrog (D:6)
  Dowan (D:5)
  A scorpion (D:5)
  A crimson imp (D:5)
  A jelly (D:5)
  Natasha (thrice) (D:3)
  2 worker ants
  4 adders
  A gnoll (D:5)
  3 river rats (D:6)
  A shadow imp (D:5)
  A dart slug (D:2)
  3 leopard geckos
  6 orcs (D:3)
  5 giant cockroaches
  3 goblins
  5 hobgoblins
  4 jackals
  5 kobolds
  2 quokkas (D:2)
  5 bats
  2 frilled lizards
  A jackal skeleton (D:4)
  A quokka skeleton (D:5)
  8 rats
74 creatures vanquished.

Vanquished Creatures (collateral kills)
  An ogre (D:6)
  A scorpion (D:6)
  3 adders
  8 gnolls
  3 worms
  2 orcs (D:3)
  A giant cockroach (D:3)
  2 goblins (D:2)
  3 hobgoblins
  A jackal (D:2)
  A kobold (D:3)
  2 ball pythons
  2 bats (D:1)
  2 rats
32 creatures vanquished.

Grand Total: 106 creatures vanquished

Notes
Turn   | Place    | Note
-------+----------+-------------------------------------------
     0 | D:1      | baker the Octopode Wizard began the quest for the Orb.
     0 | D:1      | Reached XP level 1. HP: 11/11 MP: 4/4
   267 | D:1      | Reached XP level 2. HP: 17/17 MP: 0/6
   327 | D:1      | Learned a level 2 spell: Call Imp
  1762 | D:2      | Reached XP level 3. HP: 21/21 MP: 2/7
  1840 | D:2      | Learned a level 3 spell: Mephitic Cloud
  1843 | D:2      | Learned a level 2 spell: Blink
  2614 | D:2      | Reached XP level 4. HP: 27/27 MP: 1/9
  3751 | D:3      | Gained mutation: Your magical capacity is low. (-10% MP) [potion of mutation]
  3751 | D:3      | Gained mutation: You are partially covered in rugged brown scales. (AC +1, +3% HP) [potion of mutation]
  3751 | D:3      | Gained mutation: You are surrounded by a mild repulsion field. (EV +2) [potion of mutation]
  3848 | D:3      | Noticed Natasha
  3861 | D:3      | Killed Natasha
  3873 | D:3      | Noticed Natasha
  3889 | D:3      | Killed Natasha
  3889 | D:3      | Reached skill level 1 in Poison Magic
  3889 | D:3      | Reached XP level 5. HP: 14/32 MP: 1/9
  4107 | D:3      | Learned a level 3 spell: Conjure Flame
  4384 | D:3      | Reached skill level 1 in Air Magic
  5255 | D:3      | Noticed Natasha
  5261 | D:3      | Killed Natasha
  6146 | D:4      | Found a bloodstained altar of Trog.
  6251 | D:5      | Entered Level 5 of the Dungeon
  6289 | D:5      | Reached XP level 6. HP: 20/38 MP: 5/10
  6653 | D:5      | Reached skill level 1 in Fighting
  7083 | D:5      | Noticed Duvessa
  7228 | D:5      | Reached skill level 1 in Staves
  7228 | D:5      | Reached skill level 1 in Fire Magic
  7314 | D:5      | Noticed Dowan
  7331 | D:5      | Killed Duvessa
  7331 | D:5      | Reached XP level 7. HP: 31/44 MP: 4/11
  7338 | D:5      | HP: 2/44 [Dowan/stone arrow (11)]
  7645 | D:5      | Killed Dowan
  7718 | D:5      | Found a staircase to the Ecumenical Temple.
  7723 | Temple   | Entered the Ecumenical Temple
  7736 | Temple   | Became a worshipper of Vehumet
  8733 | D:5      | Learned a level 1 spell: Magic Dart
  9003 | D:6      | Found a bloodstained altar of Trog.
  9581 | D:6      | Reached XP level 8. HP: 51/51 MP: 5/13
  9805 | D:6      | You fall through a shaft for 3 floors!
  9859 | D:9      | Noticed a kobold demonologist
  9908 | D:9      | HP: 2/51 [ufetubus[a kobold demonologist] (1)]
  9910 | D:10     | Entered Level 10 of the Dungeon
  9915 | D:10     | Noticed an orange demon
  9917 | D:10     | HP: 1/76 [orange demon[a kobold demonologist] (7)]
  9920 | D:10     | Noticed SirVarrick's ghost (novice DDFi)
  9920 | D:10     | Slain by an orange demon

Skill      XL: |  1  2  3  4  5  6  7 |
---------------+----------------------+-----
Stealth        | 3 4 |  4.0
Poison Magic   | 1 2 |  2.9
Air Magic      | 1 2 |  2.4
Conjurations   | 2 |  2.9
Fighting       | 1 2 |  2.1
Staves         | 1 2 |  2.1
Summonings     | 2 |  2.4
Translocations | 2 |  2.7
Fire Magic     | 1 2 |  2.0
Dodging        | 3 |  3.0
Spellcasting   | 4 |  4.4

Action                   |  1- 3 |  4- 6 |  7- 9 || total
-------------------------+-------+-------+-------++-------
Melee: Unarmed           |     8 |    21 |       ||    29
       Constrict         |     2 |     9 |    10 ||    21
       Tentacles         |       |     9 |     6 ||    15
       Quarterstaff      |       |    27 |    52 ||    79
Throw: Stone             |       |     1 |       ||     1
 Cast: Magic Dart        |    66 |    93 |    50 ||   209
       Call Imp          |    18 |    45 |    15 ||    78
       Mephitic Cloud    |     1 |     3 |     1 ||     5
       Blink             |       |    10 |     2 ||    12
       Conjure Flame     |       |     9 |     2 ||    11
  Use: Scroll            |     2 |     6 |     4 ||    12
       Potion            |       |     3 |     5 ||     8
 Stab: Sleeping          |       |     1 |       ||     1
  Eat: Chunk             |     5 |    10 |     2 ||    17
       Ration            |       |     2 |     2 ||     4
Armor: Skin              |     3 |     6 |    18 ||    27
Dodge: Dodged            |    22 |    54 |    75 ||   151
